cohdb
Replays
Latest Replays
All Replays
Popular Replays
Top Player Replays
Match Explorer
How It Works
Community
CoH3 Stats
Reddit
Sign in to upload your games and track your stats! →
Sign in with Steam
Match 43218516
Unlisted
Match 43218516
Overview
Messages
Build Orders
End
Scout Squad
Construct Weapon Support Center
Selects Heavy Weapons
M1919 Machine Gun Team
M1919 Machine Gun Team
M1919 Machine Gun Team
Bazooka Squad
Selects M2HB .50cal Heavy Machine Gun
Infantry Support Center
M3 Armored Personnel Carrier
Construct Medical Station
Engineer Squad
Selects Assault Carriers
Sniper
M3 Assault Carrier
Selects Halftrack Strongpoints
Selects Halftrack Strongpoints
Selects Rapid Reposition
Construct Tank Depot
Bazooka Squad
Selects Bolstered Team Weapons
M4A1 Sherman Medium Tank
M4A1 Sherman Medium Tank
Engineer Squad
SweeD
AoL
MrGlaucus
Discoverer
0
0
Comments
sign in to comment!
No comments posted yet!